Map: Ascension to Aiur LE

Players

Rail

  • Race: Protoss Protoss
  • Spawn Location: 5:00

Minatoeh (Minato) - Winner!

  • Race: Zerg Zerg
  • League: Master
  • Spawn Location: 11:00

Event: WESG Barcelona European Finals 2017

VOD

Have the link to the VOD?

Description

Time

  • Played on: Nov. 25, 2017, 7:56 a.m.
  • Length: 4:03

All games in this series

Show
View Real Time Build Order
Export as new Build Order

Rail Protoss 

Build Orders: 1 Gate Expand, Phoenix Opening 

Get SALT Encoding   

  12  0:00  Probe (Chrono Boost)  
  13  0:13  Probe (Chrono Boost)  
  14  0:15  Probe  
  15  0:22  Pylon  
  15  0:40  Probe, Gateway  
  16  0:44  Assimilator  
  16  0:52  Probe  
  17  1:04  Probe  
  18  1:16  Probe  
  19  1:21  Nexus  
  19  1:30  Cybernetics Core  
  19  1:33  Probe  
  19  1:38  Assimilator  
  20  1:45  Probe  
  21  1:48  Pylon  
  21  1:57  Probe (Chrono Boost)  
  22  2:06  Adept  
  25  2:09  Probe (Chrono Boost)  
  25  2:11  Probe  
  26  2:23  Probe  
  27  2:30  Stargate  
  27  2:33  Probe  
  27  2:36  Probe (Chrono Boost)  
  29  2:40  Adept  
  31  2:46  Probe (Chrono Boost)  
  31  2:49  Probe (Chrono Boost)  
  35  2:59  Probe x2 (Chrono Boost)  
  35  3:00  Probe  
  35  3:01  Probe  
  37  3:13  Probe  
  37  3:19  Pylon  
  36  3:21  Phoenix (Chrono Boost), Pylon  
  38  3:28  Gateway  
  38  3:30  Gateway  
  38  3:38  Gateway  
  38  3:45  Pylon  
Show
View Real Time Build Order
Export as new Build Order

Minatoeh Zerg - Winner!

Build Orders: Hatch First 

Get SALT Encoding   

  12  0:00  Drone  
  13  0:12  Overlord  
  13  0:17  Drone  
  14  0:31  Drone x2  
  14  0:34  Drone  
  17  0:52  Hatchery  
  17  0:54  Drone  
  17  0:57  Drone  
  18  1:09  Extractor  
  17  1:12  Spawning Pool  
  17  1:16  Drone  
  17  1:19  Drone  
  18  1:28  Drone  
  19  1:40  Overlord  
  19  1:59  Zergling x2, Queen  
  19  2:00  Zergling x2  
  23  2:03  Queen  
  23  2:04  Zergling x2  
  26  2:11  Metabolic Boost  
  26  2:13  Drone  
  27  2:15  Zergling x2  
  27  2:21  Drone  
  29  2:26  Drone  
  30  2:33  Drone  
  31  2:43  Drone x2, Hatchery  
  32  2:51  Queen  
  32  2:55  Overlord  
  34  3:04  Zergling x4  
  34  3:13  Zergling x8  
  34  3:14  Zergling x4  
  34  3:17  Zergling x2  
  34  3:19  Zergling x2  
Tags
 
Add a new tag
Caveats
  • Supply blocks, unpowered buildings, or Contaminate may cause inaccurate times.
  • Supply counts are checked every 10 seconds.